 Dungeon Crawl Stone Soup version 0.28.0-45-g0d030f2227 (webtiles) character file.

Game seed: 10270049834615037253

2422 zeratav the Martial Artist (level 9, -5/62 HPs)
             Began as an Octopode Transmuter on Apr 13, 2022.
             Was a Follower of Ashenzari.
             Slain by a killer bee (9 damage)
             ... summoned by Maurice
             ... on level 8 of the Dungeon.
             The game lasted 00:20:47 (10527 turns).

zeratav the Martial Artist (Octopode Transmuter)   Turns: 10527, Time: 00:20:48

Health: -5/62      AC:  1    Str: 16    XL:     9   Next: 48%
Magic:  21/21      EV: 16    Int: 21    God:    Ashenzari [*.....]
Gold:   408        SH:  0    Dex: 16    Spells: 5/13 levels left

rFire   . . .      SeeInvis .   z - +4 whip "Shackled Together" {vamp, mace, Elem, Comp} (curse)
rCold   . . .      Faith    .   l - orb {light}
rNeg    . . .      Spirit   .   (helmet restricted)
rPois   .          Reflect  .   (no amulet)
rElec   .          Harm     .   h - +6 ring of strength
rCorr   +          Rampage  .   n - +6 ring of intelligence
Will    .....                   x - ring of Ashenzari's Oracle {MP+9, Melee, Bglg} (curse)
Stlth   ++........              y - ring of wizardry
HPRegen 0.20/turn               D - ring of the Unveiling Activism {rCorr, Self, Cun} (curse)
MPRegen 0.17/turn               (no ring)
                                (no ring)
                                (no ring)

@: lethally poisoned (-5 -> -14), glowing
A: almost no armour, amphibious, 8 rings, camouflage 1, gelatinous body 1,
(nimble swimmer 1), tentacles
a: Renounce Religion, Shatter the Chains


You were on level 8 of the Dungeon.
You worshipped Ashenzari.
Ashenzari was aware of your devotion.
You visited 2 branches of the dungeon, and saw 9 of its levels.
You also visited: Ossuary.

You collected 408 gold pieces.


Innate Abilities, Weirdness & Mutations

You cannot wear most types of armour.
You are amphibious.
You can wear up to eight rings at the same time.
Your skin changes colour to match your surroundings (Stealth+).
Your rubbery body absorbs attacks. (AC +1, EV +1)
((You are camouflaged when in or above water. (Stealth+)))
You have tentacles for arms and can constrict up to eight enemies at once.


   Skills:
 + Level 5.2(6.0) Fighting
 + Level 5.5(6.4) Dodging
 - Level 5.0(5.8) Stealth
 * Level 8.2(9.1) Unarmed Combat
 - Level 2.0(2.6) Spellcasting
 + Level 4.1 Transmutations
 + Level 3.6(4.4) Ice Magic


You had 5 spell levels left.
You knew the following spells:

 Your Spells              Type           Power      Damage    Failure   Level
a - Beastly Appendage     Tmut           40%        N/A       1%          1
b - Spider Form           Tmut/Pois      11%        N/A       8%          3
c - Ice Form              Ice/Tmut       20%        N/A       10%         4

Your spell library contained the following spells:

 Spells                   Type           Power      Damage    Failure   Level
 Wereblood                Tmut           20%        N/A       1%          2
 Ozocubu's Armour         Ice            21%        N/A       2%          3
 Ensorcelled Hibernation  Hex/Ice        24%        N/A       3%          2
 Passwall                 Tmut/Erth      9%         N/A       3%          2
 Swiftness                Air            3%         N/A       16%         3
 Metabolic Englaciation   Hex/Ice        6%         N/A       50%         5
 Yara's Violent Unravell  Hex/Tmut       5%         3d4       52%         5
 Summon Forest            Summ/Tloc      1%         N/A       78%         5
 Simulacrum               Ice/Necr       6%         N/A       96%         6
 Eringya's Noxious Bog    Tmut/Pois      5%         N/A       97%         6
 Summon Hydra             Summ           1%         N/A       100%        7
 Necromutation            Tmut/Necr      5%         N/A       100%        8

Inventory:

Hand Weapons
 z - the cursed +4 whip "Shackled Together" (weapon) {vamp, mace, Elem, Comp}
   (You took it off a kobold on level 6 of the Dungeon)

   It occasionally heals its wielder for a portion of the damage dealt when it
   wounds a living foe.
   It has a curse which improves the following skills: Elements: Fire Magic, Ice
   Magic, Air Magic and Earth Magic.
   Companions: Summonings and Necromancy.
 A - a +0 short sword of venom {short}
   (You took it off a kobold on level 6 of the Dungeon)
 B - a +1 long sword of protection {long}
   (You took it off Blork the orc on level 6 of the Dungeon)
Armour
 l - an orb of light (worn)
   (You found it on level 6 of the Dungeon)
Jewellery
 h - a +6 ring of strength (left tentacle)
   (You found it on level 2 of the Dungeon)
 n - a +6 ring of intelligence (right tentacle)
   (You found it on level 3 of the Dungeon)
 x - the cursed ring of Ashenzari's Oracle (on tentacle) {MP+9, Melee, Bglg}
   (You found it on level 5 of the Dungeon)

   [ring of magical power]

   MP:        It affects your magic capacity (+9).
   It has a curse which improves the following skills: Melee Combat: Short
   Blades, Long Blades, Axes, Maces & Flails, Polearms, Staves and Unarmed
   Combat.
   Beguiling: Conjurations, Hexes and Translocations.
 y - a ring of wizardry (on tentacle)
   (You found it on level 5 of the Dungeon)
 D - the cursed ring of the Unveiling Activism (on tentacle) {rCorr, Self, Cun}
   (You found it on level 7 of the Dungeon)

   [ring of resist corrosion]

   rCorr:     It protects you from acid and corrosion.
   It has a curse which improves the following skills: Introspection: Fighting
   and Spellcasting.
   Cunning:   Dodging and Stealth.
Wands
 j - a wand of iceblast (31)
   (You found it on level 2 of the Dungeon)
 k - a wand of digging (2)
   (You found it on level 2 of the Dungeon)
Scrolls
 c - 3 scrolls of noise {!r}
 d - 2 scrolls of amnesia
 e - a scroll of magic mapping {!r}
 g - 2 scrolls of enchant weapon
 p - 2 scrolls of teleportation {@r4}
 q - a scroll of fear
 s - 2 scrolls of enchant armour
 t - a scroll of immolation {!r!r}
 E - a scroll of identify {@r1}
Potions
 b - 6 potions of curing {@q1}
 f - 2 potions of brilliance
 i - a potion of cancellation
 m - 3 potions of flight
 o - a potion of haste {@q3}
 r - 4 potions of heal wounds {@q2}
 u - 2 potions of mutation {!q}
 v - a potion of lignification {!q}

Dungeon Overview and Level Annotations

Branches:
Dungeon (8/15)             Temple (1/1) D:5            Lair (0/6) D:8
Ossuary (visited)

Altars:
Ashenzari
Cheibriados
Dithmenos
Elyvilon
Fedhas
Gozag
Kikubaaqudgha
Makhleb
Nemelex Xobeh
Okawaru
Qazlal
Ru
Sif Muna
Uskayaw
Vehumet
Wu Jian
Yredelemnul
Zin

Annotations:
D:3 !Grinder, Grinder
D:8 Maurice

#.# ####.#....PPP..#....... #.#
#......##P..##......... #.#
#####.......#...#(....o.... #.#
#...#.....#[..≈.o.#........ #.#
#...# #)..#######......... #.#
#...# #...o...o.........##
##.###...######.####..........#
#....'........#.# #..........#
######...####.#@####..........#
#...# #.y@...#..........# #...#
#§yF..)#..........# #####
#y.§...#..........#
####..)...#..........#
#....#'####..........# #.####.#
#..........# #.# #.#
#..........# #.# #.#
############


You could see Maurice (invisible), a bullfrog (summoned), 3 killer bees and an
orc priest.


Message History

Beogh smites you!
* * * LOW HITPOINT WARNING * * *
HP[-11]
You take 11 damage, and now have 31/62 hp.
Unknown command.
Things that are here:
a +0 dagger of chaos {short}; a +2 robe of willpower; the human skeleton of Psyche {!w} HP[+1]
There is an open door here.
HP[+1] HP[+1]
There is an open door here.
HP[+1] HP[+1] HP[+1]
You hit the orc. Your grab misses the orc.
Your tentacle-slap misses the orc.
The orc misses you.
You closely miss the orc. You grab the orc. You constrict the orc.
The orc misses you.
You whack the orc!
You kill the orc!
You start resting.
HP[+25]
Your hp is fully restored (62).
Things that are here:
a +0 hand axe {axe}; an orc corpse
There is an open door here.
The orc shouts!
You completely miss the orc. You grab the orc. You squeeze the orc.
You kill the orc!
Things that are here:
a +0 mace {mace}; an orc corpse Maurice shouts!
Maurice casts a spell.
Maurice flickers and vanishes!
Deactivating autopickup; reactivate with Ctrl-A.
There is an open door here.
You start putting on your armour.
You continue putting on your orb of light. x4
Something barely misses you.
You finish putting on your orb of light.
You whack Maurice! You grab Maurice. You squeeze Maurice.
You constrict Maurice.
Maurice hits you with a +0 dagger of chaos {short}.
Maurice steals your scroll of summoning!
You easily resist.
HP[-5]
You take 5 damage, and now have 57/62 hp.
You hit Maurice.
You feel better.
You squeeze Maurice. You constrict Maurice. Maurice misses you.
HP[+2]
You regained 2 hp, and now have 59/62 hp.
You hit Maurice but do no damage. You constrict Maurice.
Maurice says, "Lost something?"
Maurice reads a scroll.
Wisps of shadow swirl around Maurice.
HP[+1]
You hit Maurice.
You feel better.
You constrict Maurice. The killer bee stings you!
The killer bee closely misses you.
Maurice mumbles some strange words.
Maurice blinks free!
The killer bee closely misses you. The killer bee completely misses you.
The killer bee closely misses you.
HP[-6]
You take 6 damage, and now have 54/62 hp.
The killer bee closely misses you. The killer bee stings you!
You are poisoned.
The killer bee poisons you! The killer bee closely misses you.
The killer bee stings you. The killer bee barely misses you.
The bullfrog hits you.
HP[-12]
You take 12 damage, and now have 42/62 hp.
You whack the bullfrog! You grab the bullfrog. You constrict the bullfrog.
You feel very sick. The killer bee completely misses you.
The killer bee stings you!
* * * LOW HITPOINT WARNING * * *
The killer bee misses you. The bullfrog closely misses you.
Maurice gestures wildly while chanting.
Maurice blinks!
The killer bee stings you!
* * * LOW HITPOINT WARNING * * *
You are more poisoned.
The killer bee poisons you! The killer bee closely misses you.
HP[-19]
You take 19 damage, and now have 23/62 hp.
MASSIVE DAMAGE!! (PAUSE) Blink to where?
Press: ? - help, Q - select action, (/) - cycle Dir - move target You lose your grip on the bullfrog.
As you read the scroll of blinking {!r}, it crumbles to dust.
You feel very sick. The killer bee misses you.
The orc priest invokes the aid of Beogh against you.
Beogh smites you!
* * * LOW HITPOINT WARNING * * *
Maurice hits you with a +0 dagger of chaos {short}.
* * * LOW HITPOINT WARNING * * *
Maurice steals 1 of your 2 scrolls of immolation {!r!r}!
Maurice freezes you.
* * * LOW HITPOINT WARNING * * *
The killer bee stings you!
You die...

Skill      XL: |  1  2  3  4  5  6  7  8  9 |
---------------+----------------------------+-----
Stealth        | 1 2 3 4 5 |  5.0
Fighting       | 2 3 4 5 |  5.2
Unarmed Combat | 4 5 6 7 8 |  8.2
Dodging        | 3 4 5 |  5.5
Ice Magic      | 1 2 3 |  3.6
Transmutations | 3 4 |  4.1
Spellcasting   | |  2.0

Action                   |  1- 3 |  4- 6 |  7- 9 || total
-------------------------+-------+-------+-------++-------
Melee: Unarmed           |    89 |    98 |   255 ||   442
       Constrict         |    19 |    16 |    30 ||    65
       Kick              |    14 |    10 |     7 ||    31
       Tentacles         |     8 |     9 |    25 ||    42
       Punch             |     2 |     4 |     6 ||    12
       Whip              |       |       |    24 ||    24
 Cast: Beastly Appendage |    37 |    11 |    13 ||    61
       Spider Form       |       |     8 |    30 ||    38
Invok: Curse Item        |       |       |     3 ||     3
  Use: Scroll            |       |       |     8 ||     8
 Stab: Sleeping          |    19 |     4 |     7 ||    30
       Distracted        |     1 |     1 |       ||     2
Armor: Skin              |    10 |     9 |     8 ||    27
Dodge: Dodged            |    30 |    66 |   195 ||   291

Levels and vault maps discovered:
D:1:      dpeg_arrival_simpleton_a, layout_loops_cross,
          shapermc_ecumenical_altar_mp_urbaneastern
D:2:      layout_rooms
D:3:      layout_basic, grunt_temple_overflow_gold_and_silver, uniq_grinder
D:4:      layout_basic
D:5:      layout_cave_pools, minmay_temple_entry_junction_2,
          nicolae_ossuary_entry_plus, lemuel_old_faithful
D:6:      layout_loops_cross, grunt_decor_cap, item_on_display_a,
          uniq_blork_the_orc
D:7:      layout_loops_ring, kennysheep_generic_room_8
D:8:      layout_basic, dpeg_oklobed_lair, uniq_maurice, uniq_psyche
Temple:   eino_temple_scatter_basement

Notes
Turn   | Place    | Note
-------+----------+-------------------------------------------
     0 | D:1      | zeratav the Octopode Transmuter began the quest for the
                  | Orb.
     0 | D:1      | Reached XP level 1. HP: 13/13 MP: 3/3
     0 | D:1      | magus.rc [v1.9.6]
   152 | D:1      | Reached XP level 2. HP: 18/18 MP: 3/5
   192 | D:1      | Reached skill level 1 in Stealth
   503 | D:1      | You add the spells Yara's Violent Unravelling and
                  | Necromutation to your library.
   503 | D:1      | Got the Papyrus of Transmigration {@e2}
   709 | D:1      | Reached XP level 3. HP: 23/23 MP: 4/6
   780 | D:1      | You add the spells Summon Forest, Eringya's Noxious Bog and
                  | Summon Hydra to your library.
   802 | D:1      | Found a faded altar of an unknown god.
  1866 | D:3      | Reached skill level 2 in Stealth
  2060 | D:3      | Found a glowing silver altar of Zin.
  2071 | D:3      | Found an opulent altar of Gozag.
  2175 | D:3      | Noticed Grinder
  2223 | D:3      | Reached XP level 4. HP: 26/29 MP: 7/7
  2513 | D:3      | Learned a level 3 spell: Spider Form
  2539 | D:3      | Reached skill level 2 in Fighting
  2539 | D:3      | Reached skill level 4 in Unarmed Combat
  2779 | D:3      | Reached XP level 5. HP: 18/34 MP: 4/8
  2789 | D:3      | HP: 7/34 [orc/+0 hand axe (2)]
  3273 | D:4      | Reached skill level 3 in Stealth
  3277 | D:4      | Reached skill level 3 in Dodging
  3566 | D:4      | HP: 8/35 [centaur zombie (2)]
  3812 | D:4      | magus.rc [v1.9.6]
  3829 | D:4      | Reached XP level 6. HP: 31/41 MP: 9/9
  3993 | D:4      | Noticed a sky beast
  4432 | D:4      | Killed a sky beast
  4433 | D:4      | Reached skill level 5 in Unarmed Combat
  4634 | D:4      | Reached skill level 3 in Fighting
  4634 | D:4      | Reached skill level 4 in Stealth
  4902 | D:5      | Entered Level 5 of the Dungeon
  4919 | D:5      | Reached XP level 7. HP: 46/46 MP: 10/10
  4935 | D:5      | Found a sand-covered staircase.
  4943 | Ossuary  | Entered an ossuary
  5650 | Ossuary  | Reached skill level 4 in Dodging
  5661 | Ossuary  | Reached skill level 5 in Stealth
  5661 | Ossuary  | Reached skill level 6 in Unarmed Combat
  6149 | D:5      | Found a staircase to the Ecumenical Temple.
  6168 | Temple   | Entered the Ecumenical Temple
  6378 | Temple   | Became a worshipper of Ashenzari the Shackled
  7005 | D:5      | Reached skill level 1 in Ice Magic
  7005 | D:5      | Reached XP level 8. HP: 48/54 MP: 7/11
  7311 | D:6      | Learned a level 4 spell: Ice Form
  7417 | D:6      | Reached skill level 4 in Fighting
  7598 | D:6      | Reached skill level 3 in Transmutations
  7598 | D:6      | Reached skill level 2 in Ice Magic
  7897 | D:6      | Reached skill level 7 in Unarmed Combat
  8274 | D:6      | Noticed Blork the orc
  8496 | D:6      | You pick up a book of Burglary and begin reading...
  8496 | D:6      | You add the spells Passwall, Ensorcelled Hibernation and
                  | Swiftness to your library.
  8602 | D:6      | Reached * piety under Ashenzari
  8605 | D:6      | Identified the cursed +4 whip "Shackled Together" {vamp,
                  | mace, Elem, Comp} (You took it off a kobold on level 6 of
                  | the Dungeon)
  8869 | D:6      | Killed Blork the orc
  8870 | D:6      | Reached skill level 5 in Dodging
  9022 | D:7      | Reached XP level 9. HP: 56/59 MP: 12/12
  9250 | D:7      | Reached skill level 3 in Ice Magic
  9674 | D:7      | You pick up a book of Winter and begin reading...
  9674 | D:7      | You add the spells Ozocubu's Armour, Metabolic Englaciation
                  | and Simulacrum to your library.
 10008 | D:8      | Noticed Psyche
 10020 | D:8      | Killed Psyche
 10021 | D:8      | Reached skill level 5 in Fighting
 10021 | D:8      | Reached skill level 8 in Unarmed Combat
 10021 | D:8      | Reached skill level 4 in Transmutations
 10180 | D:8      | Found a staircase to the Lair.
 10266 | D:8      | Noticed Maurice
 10527 | D:8      | HP: 10/62 [orc priest/divine providence (10)]
 10527 | D:8      | HP: 4/62 [Maurice/+0 dagger of chaos {short} (2)]
 10527 | D:8      | Slain by a killer bee

Vanquished Creatures
  Psyche (D:8)
  A sky beast (D:4)
  An orc warrior (D:8)
  2 ice beasts
  A black bear (D:6)
  A necrophage (D:6)
  A centaur (D:8)
  A phantom (D:4)
  2 kobold brigands (D:6)
  Blork the orc (D:6)
  5 water moccasin zombies
  3 bullfrogs
  A scorpion (D:5)
  A centaur zombie (D:4)
  A gnoll shaman (D:7)
  A jelly (D:6)
  An orc priest (D:7)
  A hound (D:6)
  A bullfrog skeleton (D:6)
  A scorpion zombie (D:5)
  An iguana (D:6)
  2 orc wizards
  2 hound skeletons
  2 mummies (Ossuary)
  17 gnolls
  4 adders
  A white imp (D:5)
  An ufetubus (D:5)
  11 adder zombies (Ossuary)
  A worm (D:2)
  3 dart slugs
  15 orcs
  7 ball pythons
  7 endoplasms
  2 giant cockroaches
  2 gnoll zombies (Ossuary)
  6 goblins
  6 hobgoblins
  6 jackals
  A quokka (D:4)
  4 bats
  5 frilled lizards
  6 hobgoblin zombies (Ossuary)
  24 kobolds
  3 kobold zombies (Ossuary)
  3 orc zombies (Ossuary)
  6 rats
176 creatures vanquished.

Vanquished Creatures (others)
  3 fungi (D:8)
  2 plants (D:8)
5 creatures vanquished.

Grand Total: 181 creatures vanquished

Table legend:
 A = Non-vault XP
 B = Vault XP
 C = Vault XP percentage of total XP
 D = Non-vault monster count
 E = Vault monster count
 F = Vault count percentage of total count
                 A         B        C        D         E       F
            +---------+---------+-------+---------+---------+-------
      Total |    2550 |     911 |  26.3 |     143 |      33 |  18.8
            +---------+---------+-------+---------+---------+-------
        D:1 |      44 |       0 |   0.0 |      29 |       0 |   0.0
        D:2 |      19 |       0 |   0.0 |       9 |       0 |   0.0
        D:3 |     130 |       0 |   0.0 |      23 |       0 |   0.0
        D:4 |     411 |       0 |   0.0 |      22 |       0 |   0.0
        D:5 |     235 |       0 |   0.0 |      12 |       0 |   0.0
        D:6 |     926 |      96 |   9.4 |      27 |       1 |   3.6
        D:7 |     431 |       0 |   0.0 |      15 |       0 |   0.0
        D:8 |     354 |     379 |  51.7 |       6 |       1 |  14.3
    Ossuary |       0 |     436 | 100.0 |       0 |      31 | 100.0
            +---------+---------+-------+---------+---------+-------

Illustrated notes

Table legend:
 A = Kills in this place as a percentage of kills in entire the game.
 B = Kills by you in this place as a percentage of kills by you in the entire game.
 C = Kills by friends in this place as a percentage of kills by friends in the entire game.
 D = Other kills in this place as a percentage of other kills in the entire game.
 E = Experience gained in this place as a percentage of experience gained in the entire game.
 F = Experience gained in this place divided by the number of levels of this place that you have seen.
                   A       B       C       D       E      F
               +-------+-------+-------+-------+-------+----------------------
         Total | 100.0 | 100.0 |   N/A |   N/A | 100.0 | 346.1
       Dungeon |  82.4 |  82.4 |   N/A |   N/A |  87.4 | 378.1
       Ossuary |  17.6 |  17.6 |   N/A |   N/A |  12.6 | 436.0
               +-------+-------+-------+-------+-------+----------------------

Table legend: (Time is in decaauts)
 A = Elapsed time spent in this place.
 B = Non-inter-level travel time spent in this place.
 C = Inter-level travel time spent in this place.
 D = Time resting spent in this place.
 E = Time spent auto-exploring this place.
 F = Levels seen in this place.
 G = Mean time per level.
                   A        B        C        D        E       F      G
               +--------+--------+--------+--------+--------+-----+--------+
         Total |  10482 |  10108 |    374 |   3249 |   4931 |  10 | 1048.2 |
       Dungeon |   9080 |   8732 |    348 |   2293 |   4731 |   8 | 1135.0 |
        Temple |    220 |    194 |     26 |      0 |    178 |   1 |  220.0 |
       Ossuary |   1181 |   1181 |      0 |    956 |     22 |   1 | 1181.0 |
               +--------+--------+--------+--------+--------+-----+--------+

Top non-repeatable levels by time:
     D:4: 1678 daAuts
     D:6: 1652 daAuts
     D:3: 1249 daAuts
 Ossuary: 1181 daAuts
     D:1: 1152 daAuts
     D:5: 1013 daAuts
     D:7: 901 daAuts
     D:2: 809 daAuts
     D:8: 623 daAuts
  Temple: 220 daAuts
